 Dungeon Crawl Stone Soup version 0.27.1-4-g1640c2035a (webtiles) character file.

Game seed: 5273177543953541330

115946 pkoi the Brawler (level 16, -6/156 HPs)
             Began as a Troll Gladiator on Nov 8, 2021.
             Was the Champion of Dithmenos.
             Mangled by a harpy (12 damage)
             ... on level 1 of the Shoals.
             The game lasted 00:59:18 (26170 turns).

pkoi the Brawler (Troll Gladiator)                 Turns: 26170, Time: 00:59:19

Health: -6/156     AC:  9    Str: 30    XL:     16   Next: 19%
Magic:  0/21       EV: 13    Int:  9    God:    Dithmenos [******]
Gold:   4457       SH:  0    Dex: 11    Spells: 18/23 levels left

rFire    + . .     SeeInvis .     - Unarmed
rCold    + . .     Faith    .   (no shield)
rNeg     + + .     Spirit   +   j - +2 robe {rC+ rF+}
rPois    +         Reflect  .   m - +2 hat {Will+}
rElec    +         Harm     .   F - +0 cloak "Reel" {rElec rN++ Int+4}
rCorr    .         Rampage  .   (gloves unavailable)
Will     ++...                  (boots unavailable)
Stlth    +++.......             h - amulet of guardian spirit
HPRegen  1.36/turn              k - ring of flight
MPRegen  0.17/turn              I - ring of poison resistance

@: flying, wreathed by umbra, studying 3 skills
A: large, unfitting armour, claws 3, regeneration 1, shaggy fur 1, tough skin 1
a: Renounce Religion, Shadow Step, Shadow Form


You were on level 1 of the Shoals.
You worshipped Dithmenos.
Dithmenos was exalted by your worship.
You visited 5 branches of the dungeon, and saw 26 of its levels.

You collected 4665 gold pieces.
You spent 208 gold pieces at shops.

Inventory:

Missiles
 c - 4 throwing nets
 g - 18 boomerangs of dispersal
 l - 19 large rocks
 E - 54 poisoned darts
 X - 3 boomerangs
Armour
 j - a +2 robe of resistance (worn)
 m - a +2 hat of willpower (worn)
 F - the +0 cloak "Reel" (worn) {rElec rN++ Int+4}
   (You found it on level 10 of the Dungeon)

   Int:       It affects your intelligence (+4).
   rElec:     It insulates you from electricity.
   rN:        It greatly protects you from negative energy.
Jewellery
 a - a ring of protection from cold
 h - an amulet of guardian spirit (around neck)
 k - a ring of flight (left claw)
 t - a ring of fire
 I - a ring of poison resistance (right claw)
 J - a +4 ring of protection
Wands
 q - a wand of iceblast (31)
 v - a wand of flame (68) (quivered)
 y - a wand of paralysis (52)
 G - a wand of polymorph (4)
 M - a wand of digging (14)
 O - a wand of acid (7)
 T - a wand of mindburst (17)
Scrolls
 b - 4 scrolls of holy word
 d - 6 scrolls of blinking
 i - 3 scrolls of summoning
 u - 2 scrolls of amnesia
 A - 8 scrolls of teleportation
 C - 3 scrolls of brand weapon
 D - 2 scrolls of enchant armour
 K - a scroll of fear
 Q - a scroll of magic mapping
 R - 6 scrolls of identify
 U - a scroll of enchant weapon
 V - a scroll of silence
Potions
 e - 4 potions of brilliance
 f - 2 potions of haste
 n - 4 potions of cancellation
 o - a potion of resistance
 p - 6 potions of curing
 r - 2 potions of flight
 s - 8 potions of heal wounds
 w - 2 potions of might
 x - 4 potions of attraction
 z - 3 potions of mutation
 B - a potion of berserk rage
 N - 2 potions of invisibility
 Y - a potion of magic
 Z - a potion of ambrosia


   Skills:
 - Level 9.3 Fighting
 - Level 9.8 Throwing
 - Level 6.0 Armour
 + Level 10.3 Dodging
 - Level 2.4 Stealth
 + Level 18.8 Unarmed Combat
 + Level 4.0 Spellcasting
 + Level 0.0 Necromancy
 + Level 0.0 Earth Magic
 + Level 3.0 Invocations
 + Level 9.1 Evocations


You had 18 spell levels left.
You knew the following spells:

 Your Spells              Type           Power      Damage    Failure   Level
a - Borgnjor's Vile Clut  Necr/Erth      0%         N/A       100%        5

Your spell library contained the following spells:

 Spells                   Type           Power      Damage    Failure   Level
 Magic Dart               Conj           4%         1d3       26%         1
 Corpse Rot               Necr/Air       N/A        N/A       38%         2
 Poisonous Vapours        Pois/Air       2%         N/A       38%         2
 Searing Ray              Conj           2%         3d3       38%         2
 Conjure Flame            Conj/Fire      1%         6-21      63%         3
 Ignite Poison            Fire/Tmut/Pois 1%         N/A       63%         3
 Animate Armour           Summ/Erth      2%         N/A       95%         4
 Fulminant Prism          Conj/Hex       0%         3d6       95%         4
 Iskenderun's Mystic Bla  Conj/Tloc      1%         2d3       95%         4
 Sticky Flame             Conj/Fire      1%         2d3       95%         4
 Alistair's Intoxication  Tmut/Pois      0%         N/A       100%        5
 Blade Hands              Tmut           0%         N/A       100%        5
 Fireball                 Conj/Fire      0%         3d3       100%        5
 Freezing Cloud           Conj/Ice/Air   0%         6-21      100%        5
 Iskenderun's Battlesphe  Conj           1%         2d6       100%        5
 Lee's Rapid Deconstruct  Erth           0%         3d5*      100%        5
 Summon Forest            Summ/Tloc      0%         N/A       100%        5
 Summon Mana Viper        Hex/Summ       1%         N/A       100%        5
 Conjure Ball Lightning   Conj/Air       0%         3x3d6     100%        6
 Eringya's Noxious Bog    Tmut/Pois      0%         N/A       100%        6
 Iron Shot                Conj/Erth      0%         9d1       100%        6
 Shadow Creatures         Summ           N/A        N/A       100%        6
 Orb of Destruction       Conj           0%         N/A       100%        7


Dungeon Overview and Level Annotations

Branches:
Dungeon (15/15)            Temple (1/1) D:4            Lair (6/6) D:10
 Shoals (2/4) Lair:3       Spider (0/4) Lair:4        Slime (0/5) Lair:6
    Orc (2/2) D:9             Elf (0/3) Orc:2        Vaults (0/5) D:13
 Depths (0/5) D:15

Altars:
Ashenzari
Cheibriados
Dithmenos
Elyvilon
Fedhas
Gozag
Hepliaklqana
Kikubaaqudgha
Makhleb
Nemelex Xobeh
Okawaru
Qazlal
Ru
Sif Muna
Trog
Uskayaw
Vehumet
Wu Jian
Xom
Yredelemnul
Zin
The Shining One

Shops:
D:5 (([:   D:7 *   Orc:1 *   Orc:2 [!**

Annotations:
D:12 1 runed translucent door


Innate Abilities, Weirdness & Mutations

You are too large for most types of armour.
You have claws for hands.
Your natural rate of healing is unusually fast.
You are covered in fur. (AC +1)
You have tough skin. (AC +1)


Message History

The harpy barely misses you.
Unknown command.
You scratch the harpy but do no damage.
The harpy is moderately wounded.
The harpy barely misses you. The harpy closely misses you.
The harpy completely misses you. The harpy barely misses you.
Unknown command.
You claw the harpy!
The harpy is heavily wounded.
The harpy claws you.
* * * LOW HITPOINT WARNING * * *
The harpy closely misses you. The harpy claws you.
* * * LOW HITPOINT WARNING * * *
The harpy claws you but does no damage.
You scratch the harpy but do no damage.
The harpy is moderately wounded.
Your shadow hits the harpy but does no damage.
The harpy claws you.
* * * LOW HITPOINT WARNING * * *
The harpy barely misses you. The harpy claws you.
* * * LOW HITPOINT WARNING * * *
The harpy barely misses you.
You scratch the harpy. Your claw misses the harpy.
The harpy is moderately wounded.
The harpy claws you!
* * * LOW HITPOINT WARNING * * *
You emit a cloud of dark smoke.
The harpy closely misses you.
Unknown command.
You completely miss the harpy.
The harpy is moderately wounded.
The harpy closely misses you. The harpy misses you.
The harpy claws you but does no damage. x2; The harpy claws you.
* * * LOW HITPOINT WARNING * * *
The harpy closely misses you.
Unknown command.
The harpy screeches!
The harpy claws you but does no damage. The harpy claws you!
* * * LOW HITPOINT WARNING * * *
The harpy claws you!
You die...

≈≈≈≈≈≈≈≈≈≈≈≈≈≈≈≈≈≈≈≈.^...≈≈≈≈≈≈≈≈
≈≈≈≈≈≈≈≈≈≈≈≈≈≈≈≈≈≈≈≈≈≈≈.≈≈≈≈≈≈≈≈≈
≈≈≈≈≈≈≈≈≈≈≈≈≈≈≈≈≈≈≈..≈≈≈≈≈≈≈≈≈≈≈≈
≈≈≈≈≈≈≈≈≈≈≈≈≈.≈≈≈≈....≈≈≈≈..≈≈≈≈P
≈≈≈≈≈≈≈≈≈≈≈≈≈≈≈[≈≈....≈≈≈≈...≈≈≈≈
≈≈≈≈≈≈≈≈≈≈≈≈≈≈)....##.≈≈≈........
≈≈≈≈≈≈≈≈≈≈≈≈≈≈§§§.##.≈≈≈≈.≈.....P
≈≈≈≈≈≈≈≈≈≈≈≈≈≈§§H##.P≈≈≈......≈..
≈≈≈≈≈≈≈≈≈≈≈≈≈≈§P@###..≈≈≈........
≈≈≈≈≈≈≈≈≈≈≈≈≈≈§§HH##P.≈≈≈...#....
≈≈≈≈≈≈≈≈≈≈≈≈≈≈§§P§.PP≈P.P...####.
≈≈≈≈≈≈≈≈≈≈≈≈≈≈§§≈§≈≈≈≈≈≈....# #.
≈≈≈≈≈≈≈≈≈≈≈≈≈≈≈≈≈≈≈≈≈≈≈≈..>.####.
≈≈≈≈≈≈≈≈≈≈≈≈≈≈≈≈≈≈≈≈≈≈≈≈.....#..≈
≈≈≈≈≈≈≈≈≈≈≈≈≈≈≈≈≈≈≈≈≈≈≈≈≈≈.....≈≈
≈≈≈≈≈≈≈≈≈≈≈≈≈≈≈≈≈≈≈≈≈≈≈≈P≈....≈≈.
≈≈≈≈≈≈≈≈≈≈≈≈≈≈≈≈≈≈≈≈≈≈≈≈≈≈≈....≈.


You could see 3 harpies.

Vanquished Creatures
  Gastronok (D:8)
  Aizul (Shoals:1)
  3 fire dragons
  Josephine (D:9)
  2 merfolk impalers (Shoals:1)
  A merfolk avatar (Shoals:1)
  Fannar (Lair:1)
  8 boulder beetles
  An ogre mage (D:15)
  7 hydras
  A catoblepas (Lair:6)
  4 centaur warriors
  2 tengu warriors
  3 death yaks (Lair:6)
  8 two-headed ogres
  Urug (D:12)
  3 orc high priests (Orc:2)
  Nergalle (Lair:4)
  4 skeletal warriors
  3 sea snakes
  A deep elf archer (D:15)
  A swamp dragon (Lair:6)
  10 orc knights
  2 lindwurms (Lair:6)
  A necromancer (D:13)
  A deep elf zephyrmancer (D:15)
  6 orc sorcerers
  6 ugly things
  5 deep elf pyromancers
  3 cyclopes
  24 elephants
  12 manticores
  6 black mambas
  5 merfolk sirens
  Maurice (Orc:1)
  Joseph (Lair:1)
  10 komodo dragons
  2 torpor snails
  13 cane toads
  Maggie (D:10)
  5 yaktaurs (D:15)
  5 rime drakes
  A tengu conjurer (D:15)
  9 trolls
  3 polar bears
  6 meliai
  A hornet (D:10)
  5 merfolk
  13 blink frogs
  14 slime creatures
  A snapping turtle (Shoals:1)
  5 dream sheep
  2 shadows
  10 wyverns
  A water elemental (Lair:3)
  2 vampires
  2 basilisks
  53 yaks
  Eustachio (D:4)
  4 wraiths (D:9)
  2 steam dragons
  Grum (D:9)
  5 wargs
  5 vampire mosquitoes
  Edmund (D:3)
  7 acid dragons
  A harpy simulacrum (D:11)
  Duvessa (D:7)
  15 water moccasins
  A swamp drake (Lair:6)
  24 orc warriors
  An ice beast (D:7)
  3 black bears
  4 necrophages
  10 ogres
  4 centaurs
  32 wolves
  A phantom (D:4)
  6 kobold brigands
  Blork the orc (D:3)
  2 gnoll sergeants
  8 bullfrogs
  4 wyvern zombies
  7 scorpions
  A wyvern skeleton (D:6)
  Dowan (D:7)
  14 killer bees
  An electric eel (Lair:4)
  5 howler monkeys
  20 orc priests
  2 hounds
  6 jellies
  A centaur skeleton (D:5)
  5 iguanas (Lair:6)
  30 orc wizards
  A killer bee zombie (D:5)
  2 hound skeletons
  2 howler monkey zombies (D:9)
  11 gnolls
  6 adders
  2 shadow imps
  A white imp (D:6)
  2 ufetubi (D:7)
  7 worms
  3 dart slugs (D:2)
  80 orcs
  8 ball pythons
  14 endoplasms
  2 giant cockroaches
  9 hobgoblins
  6 jackals
  30 kobolds
  5 quokkas
  2 bats (D:2)
  2 frilled lizards (D:1)
  9 goblins
  4 rats
750 creatures vanquished.

Vanquished Creatures (collateral kills)
  A goblin (D:4)
1 creature vanquished.

Vanquished Creatures (others)
  A blink frog (Lair:6)
  20 fungi
  60 plants
81 creatures vanquished.

Grand Total: 832 creatures vanquished

Notes
Turn   | Place    | Note
-------+----------+-------------------------------------------
     0 | D:1      | pkoi the Troll Gladiator began the quest for the Orb.
     0 | D:1      | Reached XP level 1. HP: 19/19 MP: 0/0
   229 | D:1      | Reached XP level 2. HP: 27/27 MP: 1/1
   393 | D:1      | Reached skill level 4 in Unarmed Combat
   442 | D:1      | Found a faded altar of an unknown god.
   659 | D:2      | Reached XP level 3. HP: 27/33 MP: 2/2
   922 | D:2      | Reached skill level 5 in Unarmed Combat
   922 | D:2      | Reached XP level 4. HP: 41/41 MP: 1/3
  1547 | D:3      | Reached XP level 5. HP: 45/48 MP: 2/4
  1638 | D:3      | Found a hide-covered altar of Uskayaw.
  1723 | D:2      | Reached skill level 6 in Unarmed Combat
  2344 | D:4      | Noticed Blork the orc
  2447 | D:4      | Reached XP level 6. HP: 51/55 MP: 3/5
  2523 | D:3      | Killed Blork the orc
  2524 | D:3      | Reached skill level 7 in Unarmed Combat
  2568 | D:4      | Noticed Edmund
  2605 | D:3      | Killed Edmund
  2606 | D:3      | Reached skill level 8 in Unarmed Combat
  2606 | D:3      | Reached XP level 7. HP: 49/62 MP: 4/6
  2674 | D:4      | Found a glowing silver altar of Zin.
  2753 | D:4      | Noticed Eustachio
  2832 | D:4      | Killed Eustachio
  2833 | D:4      | Reached skill level 9 in Unarmed Combat
  2854 | D:4      | Found a staircase to the Ecumenical Temple.
  3065 | Temple   | Entered the Ecumenical Temple
  3274 | Temple   | Became a worshipper of Dithmenos the Shadowed
  3346 | D:5      | Entered Level 5 of the Dungeon
  3346 | D:5      | Found Uruomiro's Book Emporium.
  3494 | D:5      | Reached XP level 8. HP: 56/70 MP: 4/7
  3503 | D:5      | Reached skill level 10 in Unarmed Combat
  3653 | D:5      | Found an iron altar of Okawaru.
  3701 | D:5      | Found Nurac's Armour Emporium.
  3760 | D:5      | Found Oting's Antique Weapon Shop.
  3806 | D:5      | Found Tomil's Antique Weapon Emporium.
  4145 | D:6      | Reached * piety under Dithmenos
  4322 | D:6      | Noticed a boulder beetle
  4350 | D:6      | Killed a boulder beetle
  4351 | D:6      | Reached skill level 12 in Unarmed Combat
  4351 | D:6      | Reached XP level 9. HP: 20/76 MP: 2/8
  4732 | D:6      | Noticed a cyclops
  4745 | D:6      | Killed a cyclops
  4805 | D:6      | Reached skill level 13 in Unarmed Combat
  5623 | D:7      | Noticed Dowan
  5626 | D:7      | Noticed Duvessa
  5634 | D:7      | Killed Dowan
  5710 | D:7      | Killed Duvessa
  6139 | D:7      | Found a broken altar of Ashenzari.
  6190 | D:7      | Reached ** piety under Dithmenos
  6196 | D:7      | Reached XP level 10. HP: 77/87 MP: 7/9
  6289 | D:7      | Found Isaobior's Lightly-Used Armoury.
  6391 | D:7      | Reached skill level 14 in Unarmed Combat
  6920 | D:8      | Noticed a centaur warrior
  6933 | D:8      | Killed a centaur warrior
  6934 | D:8      | Reached skill level 1 in Evocations
  7105 | D:8      | Noticed Gastronok
  7127 | D:8      | Killed Gastronok
  7219 | D:8      | Found an ornate altar of the Wu Jian Council.
  7794 | D:9      | Found a staircase to the Orcish Mines.
  7819 | D:9      | Noticed a two-headed ogre
  7823 | D:9      | Killed a two-headed ogre
  7824 | D:9      | Reached XP level 11. HP: 73/98 MP: 7/10
  8015 | D:9      | Noticed a two-headed ogre
  8027 | D:9      | Killed a two-headed ogre
  8077 | D:9      | Noticed Grum
  8085 | D:9      | Killed Grum
  8124 | D:9      | Found a burning altar of Makhleb.
  8316 | D:9      | Reached skill level 1 in Stealth
  8580 | D:9      | Reached *** piety under Dithmenos
  8654 | D:9      | Reached skill level 5 in Throwing
  8716 | D:10     | Entered Level 10 of the Dungeon
  8718 | D:10     | Found a stormy altar of Qazlal.
  8854 | D:10     | Reached skill level 5 in Dodging
  9026 | D:10     | Identified the +0 cloak "Reel" {rElec rN++ Int+4}
  9107 | D:10     | Found a staircase to the Lair.
  9166 | D:10     | Noticed Maggie
  9181 | D:10     | Killed Maggie
  9483 | D:11     | Noticed a boulder beetle
  9503 | D:11     | Killed a boulder beetle
  9679 | D:11     | Noticed a skeletal warrior
  9679 | D:11     | Noticed a skeletal warrior
  9679 | D:11     | Noticed a skeletal warrior
  9680 | D:11     | Noticed a skeletal warrior
  9704 | D:10     | Killed a skeletal warrior
  9705 | D:10     | Reached skill level 1 in Armour
  9716 | D:10     | Reached skill level 5 in Fighting
  9901 | Lair:1   | Entered Level 1 of the Lair of Beasts
  9995 | Lair:1   | Noticed Joseph
 10064 | D:10     | Reached XP level 12. HP: 54/111 MP: 4/11
 10139 | D:10     | Reached **** piety under Dithmenos
 10238 | Lair:1   | Killed Joseph
 10396 | Lair:1   | Noticed Fannar
 10416 | Lair:1   | Killed Fannar
 10667 | Lair:1   | Reached skill level 15 in Unarmed Combat
 11232 | Lair:2   | Noticed a boulder beetle
 11247 | Lair:2   | Killed a boulder beetle
 11566 | Lair:2   | Reached skill level 5 in Evocations
 11834 | Lair:2   | Reached ***** piety under Dithmenos
 12150 | Lair:3   | Noticed a seven-headed hydra
 12163 | Lair:3   | Killed an eight-headed hydra
 12531 | Lair:3   | Reached XP level 13. HP: 100/122 MP: 10/12
 12643 | Lair:3   | Identified the ring of Uham {rCorr Int+2}
 12725 | Lair:3   | Found a staircase to the Shoals.
 13044 | Lair:4   | Noticed Nergalle
 13052 | Lair:4   | Killed Nergalle
 13383 | Lair:4   | Found a hole to the Spider Nest.
 13389 | Lair:4   | Identified a scroll of acquirement
 13389 | Lair:4   | Acquired a manual of Spellcasting
 14208 | Lair:4   | Reached skill level 5 in Armour
 14416 | Lair:5   | Reached skill level 1 in Spellcasting
 15001 | Lair:6   | Entered Level 6 of the Lair of Beasts
 15478 | Lair:6   | Reached XP level 14. HP: 121/133 MP: 14/16
 15599 | Lair:6   | Acquired a manual of Unarmed Combat
 15660 | Lair:6   | Found a staircase to the Slime Pits.
 15687 | Lair:6   | Found a shimmering altar of Xom.
 15798 | Lair:6   | Acquired 882 gold pieces
 15892 | Lair:6   | Reached ****** piety under Dithmenos
 15950 | Lair:6   | Reached skill level 16 in Unarmed Combat
 17133 | D:11     | Reached skill level 17 in Unarmed Combat
 17649 | D:12     | Acquired a manual of Evocations
 17881 | D:12     | Found a runed translucent door.
 17885 | D:12     | Noticed Urug
 17900 | D:12     | Killed Urug
 18937 | D:13     | Found a gate to the Vaults.
 19094 | D:13     | Found a broken altar of Ashenzari.
 19110 | D:13     | Reached XP level 15. HP: 130/143 MP: 17/19
 20248 | D:15     | Entered Level 15 of the Dungeon
 20637 | D:15     | Reached skill level 18 in Unarmed Combat
 21219 | D:15     | Found a staircase to the Depths.
 21418 | D:15     | Reached skill level 10 in Dodging
 21692 | Orc:1    | Entered Level 1 of the Orcish Mines
 21737 | Orc:1    | Noticed Josephine
 21884 | D:9      | Killed Josephine
 22622 | Orc:1    | Found Luptixus's Mayhem Merchandise.
 22663 | Orc:1    | Noticed Maurice
 22673 | Orc:1    | Killed Maurice
 22856 | Orc:2    | Entered Level 2 of the Orcish Mines
 23590 | Orc:2    | Found a staircase to the Elven Halls.
 23642 | Orc:2    | Found Wiutwehu's Assorted Antiques.
 24106 | Orc:2    | Reached XP level 16. HP: 146/156 MP: 17/20
 24138 | Orc:2    | Found Xoniyluf's Assorted Antiques.
 24146 | Orc:2    | Found Faqeyrob's Armour Boutique.
 24150 | Orc:2    | Found Icveevix's Distillery.
 24173 | Orc:2    | Bought a potion of magic for 104 gold pieces
 24173 | Orc:2    | Bought a potion of ambrosia for 104 gold pieces
 24481 | D:9      | Acquired 896 gold pieces
 24628 | Shoals:1 | Entered Level 1 of the Shoals
 24707 | Lair:3   | Reached skill level 1 in Invocations
 25035 | Shoals:1 | Noticed Aizul
 25059 | Shoals:1 | Killed Aizul
 25667 | Shoals:1 | Learned a level 5 spell: Borgnjor's Vile Clutch
 26170 | Shoals:1 | HP: 6/156 [harpy (7)]
 26170 | Shoals:1 | Mangled by a harpy

Illustrated notes

Levels and vault maps discovered:
D:1:      ncdulo_wetmaze, layout_loops_ring,
          shapermc_ecumenical_altar_starsandcircs, chequers_serial_rivers_room_b
D:2:      layout_basic
D:3:      layout_basic, eat_drink_and_be_merry_uskayaw
D:4:      layout_cave_pools, zin_scriptorium, minmay_temple_entry_junction,
          uniq_eustachio, uniq_blork_the_orc, uniq_edmund
D:5:      layout_basic, okawaru_gym_becter, serial_shops, nicolae_shop_trees,
          nicolae_take_the_stairs, shop, nicolae_stop_n_shop_2
D:6:      layout_basic, palyth_stone_intersect, kb_rosetta
D:7:      minmay_evil_eye, layout_layer_cave, overflow_temple_1_default,
          minmay_misc_feat_nine_boxes, minmay_shop_damaged, uniq_duvessa
D:8:      layout_gridville, nzn_wu_jian_contemplation,
          minmay_unpleasant_kobolds, uniq_gastronok
D:9:      layout_roguey, mainiacjoe_overflow_paths, grunt_potential, uniq_grum
D:10:     layout_irregular_city, nicolae_qazlal_scattered_showers,
          lair_entry_dummy, uniq_maggie
D:11:     layout_cave_pools
D:12:     layout_cross, lightli_church_of_beogh, uniq_urug
D:13:     layout_loops_cross, david_vaults_1, nicolae_ashenzari_panopticon
D:14:     layout_basic, minivault_24
D:15:     grunt_enter_depths_hoard, layout_loops_ring,
          chequers_serial_rivers_micro_a, billiards_dpeg
Temple:   regret_index_temple_waves
Lair:1:   beast_lair_carwin_large_2, layout_hall_layers, uniq_joseph,
          uniq_fannar
Lair:2:   wander_river, layout_gridlike, serial_bayou_shore_b
Lair:3:   layout_regular_city, elwin_shoals_entry_stream, minivault_24
Lair:4:   layout_regular_city, nicolae_spider_entry_non_spiders,
          gauntlet_entry_generic, columned_hall_lemuel,
          gammafunk_lair_bear_cave, grunt_megastairs_1,
          infiniplex_staircase_pool, uniq_nergalle
Lair:5:   layout_hall_layers
Lair:6:   hangedman_lair_in_review, layout_misc_corridors,
          guppyfry_lair_end_dragon, nicolae_slime_entry_slimehenge, basic_altar
Shoals:1: layout_shoals, abandoned_shop, uniq_aizul
Shoals:2: layout_shoals
Orc:1:    layout_caves, minmay_shop_mayhem, uniq_josephine, uniq_maurice
Orc:2:    st_orc_elflike, layout_caves

Skill      XL: |  1  2  3  4  5  6  7  8  9 10 11 12 13 14 15 16 |
---------------+-------------------------------------------------+-----
Unarmed Combat | 4 5 6 8 9 12 13 14 15 17 18 | 18.8
Throwing       | 2 4 5 7 8 9 |  9.8
Fighting       | 3 5 6 7 8 9 |  9.3
Dodging        | 4 5 6 7 9 10 | 10.3
Evocations     | 2 4 5 6 8 9 |  9.1
Stealth        | 1 2 |  2.4
Armour         | 1 3 5 6 |  6.0
Spellcasting   | 2 3 4 |  4.0
Invocations    | 3 |  3.0

Action                   |  1- 3 |  4- 6 |  7- 9 | 10-12 | 13-15 | 16-18 || total
-------------------------+-------+-------+-------+-------+-------+-------++-------
Melee: Unarmed           |    82 |   139 |   271 |   575 |  1189 |   110 ||  2366
       Punch             |     2 |     4 |     9 |    43 |   125 |     9 ||   192
Throw: Large rock        |       |       |     5 |    10 |    43 |       ||    58
Evoke: Wand              |       |       |     3 |       |    11 |    12 ||    26
  Use: Scroll            |       |       |    12 |    14 |     6 |     3 ||    35
       Potion            |       |       |     1 |     1 |       |       ||     2
 Stab: Sleeping          |     1 |       |       |     1 |     8 |     1 ||    11
       Distracted        |       |     1 |       |       |     1 |       ||     2
Armor: Robe              |    16 |    36 |    94 |       |       |    26 ||   172
       Steam dragon scal |       |       |    13 |    72 |       |       ||    85
       Skin              |       |       |     3 |       |       |       ||     3
       Acid dragon scale |       |       |       |   157 |   539 |       ||   696
Dodge: Dodged            |    36 |    81 |   203 |   398 |   812 |    88 ||  1618
